 Dungeon Crawl Stone Soup version 0.30-a0-1114-gd936c97349 (webtiles) character file.

Game seed: 18327931286523327628

27363 FexLirch the Covert (level 13, 0/69 HPs)
             Began as a Vine Stalker Brigand on Apr 20, 2023.
             Was the Champion of Cheibriados.
             Slain by a skyshark (7 damage)
             ... on level 3 of the Lair of Beasts.
             The game lasted 01:32:37 (12727 turns).

FexLirch the Covert (Vine Stalker Brigand)         Turns: 12727, Time: 01:32:38

Health: 0/69       AC:  8    Str: 31    XL:     13   Next: 31%
Magic:  0/20       EV: 21    Int: 26    God:    Cheibriados [******]
Gold:   1738       SH:  0    Dex: 34    Spells: 8/12 levels left

rFire   . . .      SeeInvis +    r - +1 double sword (holy)
rCold   . . .      Faith    .    (no shield)
rNeg    . . .      Spirit   +    I - +1 robe {Will+}
rPois   .          Reflect  .    y - +0 helmet
rElec   .          Rampage  .    v - +2 cloak
rCorr   .                        M - +0 pair of gloves
Will    ++...                    (no boots)
Stlth   ++++++                   (no amulet)
HPRegen 1.11/turn                C - ring of see invisible
MPRegen 0.17/turn                X - ring of wizardry

@: very slow
A: fangs 3, regeneration 1, magic shield, antimagic bite, no potion heal 2
a: Renounce Religion, Bend Time, Temporal Distortion, Slouch, Step From Time


You were on level 3 of the Lair of Beasts.
You worshipped Cheibriados.
Cheibriados was exalted by your worship.
You visited 2 branches of the dungeon, and saw 15 of its levels.

You collected 2068 gold pieces.
You spent 330 gold pieces at shops.

Inventory:

Hand Weapons
 e - a +0 long sword of venom
 q - a +2 dagger of freezing
 r - a +1 double sword of holy wrath (weapon)
 w - a +1 shortbow of draining
 H - a +3 heavy long sword
 Q - a +0 short sword of distortion
Missiles
 d - 43 poisoned darts
 k - 8 curare-tipped darts (quivered)
 Y - 5 javelins
Armour
 b - a +2 robe of fire resistance
 v - a +2 cloak (worn)
 y - a +0 helmet (worn)
 z - an orb of guile
 I - a +1 robe of willpower (worn)
 M - a +0 pair of gloves (worn)
 Z - a +0 troll leather armour
Jewellery
 C - a ring of see invisible (left hand)
 E - a ring of ice
 S - the ring of Fuanta {Fly MP+9 Str+5 Stlth-}
   (You found it on level 9 of the Dungeon)

   [ring of magical power]

   Str:       It affects your strength (+5).
   MP:        It affects your magic capacity (+9).
   Fly:       It grants you flight.
   Stlth:     It makes you less stealthy.
 U - a ring of ice
 X - a ring of wizardry (right hand)
Wands
 g - a wand of roots (12)
 l - a wand of mindburst (11)
 R - a wand of light (16)
 T - a wand of paralysis (20)
Scrolls
 a - a scroll of enchant weapon
 c - a scroll of poison
 f - 4 scrolls of enchant armour
 h - 3 scrolls of fog
 i - 8 scrolls of teleportation
 p - 4 scrolls of magic mapping
 x - 3 scrolls of fear
 A - 2 scrolls of immolation
 B - a scroll of brand weapon
 F - a scroll of torment
 P - 4 scrolls of vulnerability
 V - 2 scrolls of silence
 W - a scroll of summoning
Potions
 j - 3 potions of resistance
 m - 2 potions of magic
 n - a potion of might
 o - 8 potions of curing
 s - 4 potions of brilliance
 t - 2 potions of invisibility
 G - 4 potions of lignification
 J - a potion of ambrosia
 L - 3 potions of mutation
 N - a potion of berserk rage {unknown}
 O - a potion of attraction
Miscellaneous
 u - a lightning rod (4/4)
 D - a phial of floods


   Skills:
 + Level 8.6 Fighting
 - Level 1.7(7.8) Short Blades
 * Level 11.9(12.0) Long Blades
 - Level 1.7 Throwing
 + Level 7.7 Dodging
 + Level 12.7 Stealth
 + Level 2.8 Translocations
 + Level 8.7 Invocations


You had 8 spell levels left.
You knew the following spells:

 Your Spells              Type           Power      Damage    Failure   Level
a - Passage of Golubria   Tloc           15%        N/A       16%         4

Your spell library contained the following spells:

 Spells                   Type           Power      Damage    Failure   Level
 Shock                    Conj/Air       0%         1d3       5%          1
 Inner Flame              Hex/Fire       0%         N/A       16%         3
 Swiftness                Air            0%         N/A       16%         3
 Tukima's Dance           Hex            0%         N/A       16%         3
 Airstrike                Air            0%         2d(0-16)  43%         4
 Flame Wave               Conj/Fire      0%         2d4       43%         4
 Sticky Flame             Conj/Fire      0%         2d3       43%         4
 Summon Forest            Summ/Tloc      3%         N/A       58%         5
 Summon Mana Viper        Hex/Summ       0%         N/A       77%         5
 Yara's Violent Unravell  Hex/Tmut       0%         3d3       77%         5
 Summon Cactus Giant      Summ           0%         N/A       99%         6


Dungeon Overview and Level Annotations

Branches:
Dungeon (12/15)            Temple (0/1) D:5            Lair (3/5) D:11
 Shoals (0/4) Lair:2        Snake (0/4) Lair:3          Orc (0/2) D:10

Altars:
Cheibriados
Dithmenos
Kikubaaqudgha
Uskayaw
Wu Jian
Xom
Zin

Shops:
D:2 !

Annotations:
D:10 3 runed translucent doors, exclusion: downstairs, bande's ghost, novice GrFi
D:12 1 exclusion


Innate Abilities, Weirdness & Mutations

You have razor-sharp teeth.
Your natural rate of healing is unusually fast.
When hurt, damage is shared between your health and your magic reserves.
Your bite disrupts and absorbs the magic of your enemies.
Potions cannot restore your health.


Message History

The skyshark misses you.
Okay, then.
Unknown command.
Unknown command.
Activating: Slouch (2% risk of failure)
Press: ? - help, Dir - look around, f - activate You can feel time thicken for a moment.
The skyshark completely misses you. The skyshark tail-slaps you!
* * * LOW HITPOINT WARNING * * *
The skyshark completely misses you. The skyshark misses you.
The skyshark tail-slaps you!
* * * LOW HITPOINT WARNING * * *
The skyshark completely misses you.
You can't see any enemies this would affect, really read the scroll of fear?
Okay, then.
Unknown command.
Unknown command.
Okay, then.
Blink to where?
Press: ? - help, Dir - move target
As you read the scroll of blinking, it crumbles to dust.
Your +1 double sword of holy wrath stops glowing.
You sense an unholy aura.
w - a +1 shortbow of draining (weapon)
You are too injured to fight recklessly!
Fire: w) +1 shortbow (drain)
Press: ? - help, Q - select action, (/) - cycle Shift-Dir - straight line, f - skyshark
Aim: a skyshark (almost dead, berserk, 78% to hit)
You shoot an arrow. The arrow barely misses the skyshark.
Your +1 double sword of holy wrath softly glows with a divine radiance!
r - a +1 double sword of holy wrath (weapon)
You completely miss the skyshark. Your bite misses the skyshark.
The skyshark is almost dead.
The skyshark bites you but does no damage.
The skyshark misses you. The skyshark tail-slaps you!
* * * LOW HITPOINT WARNING * * *
You hit the skyshark but do no damage.
The skyshark is almost dead.
The skyshark misses you. The skyshark tail-slaps you!
You die...

#.........................#P~
#....................†....#P~
#............................
#.........................#≈.
#.........................#.P
##................!....#.##~≈
##P......................####~
#P..........l...............##
#............@..........#.....
##.....†................#.....
#P..............###.#.........
##...............#........#...
##.........<..........###.#..
##............#......###....
#P...............#...#.....
###..........#..P..........
##..........#............


You could see a skyshark (berserk).

Vanquished Creatures
  A two-headed ogre (D:10)
  A boulder beetle (D:11)
  Nergalle (D:10)
  Sonja (D:11)
  Lodul (D:11)
  2 harpies (Lair:2)
  2 black mambas
  2 gargoyles
  3 cane toads (Lair:2)
  A rime drake (Lair:1)
  3 komodo dragons
  3 kobold demonologists (D:11)
  3 polar bears (Lair:2)
  6 trolls
  4 blink frogs (Lair:1)
  4 hornets
  13 dream sheep (Lair:3)
  Sigmund (D:6)
  6 slime creatures (D:12)
  2 wraiths (D:12)
  4 wyverns
  5 shadows
  13 yaks
  Eustachio (D:4)
  4 basilisks
  8 vampire mosquitoes
  A naga (Lair:3)
  2 steam dragons
  6 water moccasins
  Duvessa (D:5)
  3 sky beasts
  4 orc warriors
  An ice beast (D:6)
  13 wolves
  9 ogres
  9 centaurs
  Blork the orc (D:6)
  6 bullfrogs
  2 kobold brigands
  A gnoll sergeant (D:7)
  6 scorpions
  8 wights
  Dowan (D:5)
  6 killer bees (D:11)
  6 howler monkeys
  6 electric eels
  3 jellies
  A gnoll bouda (D:10)
  5 orc priests
  5 hounds
  6 iguanas
  13 orc wizards
  Robin (D:3)
  14 gnolls
  10 adders
  A shadow imp (D:6)
  3 ufetubi
  A dart slug (D:1)
  37 orcs
  A bat (D:2)
  13 endoplasms
  4 giant cockroaches
  16 goblins
  4 hobgoblins
  6 jackals
  30 kobolds
  A quokka (D:4)
  8 ball pythons
  5 frilled lizards
  6 rats
  2 butterflies (Lair:1)
383 creatures vanquished.

Vanquished Creatures (others)
  A butterfly (Lair:1)
  14 fungi
  62 plants
  6 toadstools (D:4)
83 creatures vanquished.

Grand Total: 466 creatures vanquished

Notes
Turn   | Place    | Note
-------+----------+-------------------------------------------
     0 | D:1      | FexLirch the Vine Stalker Brigand began the quest for the
                  | Orb.
     0 | D:1      | Reached XP level 1. HP: 11/11 MP: 2/2
   194 | D:1      | Reached skill level 1 in Dodging
   194 | D:1      | Reached XP level 2. HP: 15/15 MP: 3/3
   211 | D:1      | Reached skill level 5 in Stealth
   299 | D:1      | Reached skill level 1 in Long Blades
   684 | D:2      | Reached XP level 3. HP: 16/18 MP: 4/4
   686 | D:2      | Found Risud's Distillery.
   703 | D:2      | Bought a potion of might for 44 gold pieces
  1376 | D:2      | Bought a potion of invisibility for 88 gold pieces
  1428 | D:3      | Gained mutation: Your natural rate of healing is unusually
                  | fast. [Vine Stalker growth]
  1428 | D:3      | Reached XP level 4. HP: 23/23 MP: 5/5
  1728 | D:3      | Noticed Robin
  2056 | D:3      | Killed Robin
  2171 | D:4      | Noticed Eustachio
  2297 | D:4      | Reached XP level 5. HP: 26/27 MP: 4/6
  2314 | D:5      | Entered Level 5 of the Dungeon
  2391 | D:4      | Identified the +1 whip of the Real Monster {freeze, rElec
                  | rF- rCorr Dex+5}
  2408 | D:4      | Found a snail-covered altar of Cheibriados.
  2419 | D:4      | Became a worshipper of Cheibriados the Contemplative
  2471 | D:4      | Found a shimmering altar of Xom.
  2718 | D:4      | Reached * piety under Cheibriados
  2734 | D:4      | Reached XP level 6. HP: 31/32 MP: 5/7
  2839 | D:4      | Reached skill level 1 in Invocations
  2998 | D:4      | Killed Eustachio
  2999 | D:4      | Reached skill level 6 in Stealth
  3074 | D:5      | Reached XP level 7. HP: 36/36 MP: 9/9
  3156 | D:5      | Found a staircase to the Ecumenical Temple.
  3383 | D:5      | Noticed Dowan
  3699 | D:5      | Reached ** piety under Cheibriados
  3956 | D:2      | Bought a potion of resistance for 110 gold pieces
  3956 | D:2      | Bought 2 potions of brilliance for 88 gold pieces
  4132 | D:6      | Gained mutation: You have razor-sharp teeth. [Vine Stalker
                  | growth]
  4132 | D:6      | Reached XP level 8. HP: 32/42 MP: 8/10
  4273 | D:5      | Noticed Duvessa
  4298 | D:5      | Killed Duvessa
  4317 | D:5      | Killed Dowan
  4469 | D:6      | Reached skill level 5 in Long Blades
  4469 | D:6      | Reached skill level 7 in Stealth
  4723 | D:6      | Noticed Blork the orc
  4731 | D:6      | Killed Blork the orc
  4751 | D:6      | Noticed Sigmund
  4760 | D:6      | Killed Sigmund
  4800 | D:6      | Reached XP level 9. HP: 35/46 MP: 8/12
  4834 | D:6      | Found a hide-covered altar of Uskayaw.
  4834 | D:6      | Found a glowing silver altar of Zin.
  4835 | D:6      | Found an ornate altar of the Wu Jian Council.
  4900 | D:6      | Noticed a troll
  4970 | D:6      | Reached *** piety under Cheibriados
  5093 | D:6      | Reached skill level 8 in Stealth
  5212 | D:6      | Reached skill level 5 in Fighting
  5514 | D:7      | Reached **** piety under Cheibriados
  5720 | D:7      | Found an ancient bone altar of Kikubaaqudgha.
  6209 | D:8      | Noticed a hornet
  6217 | D:8      | Killed a hornet
  6218 | D:8      | Reached skill level 5 in Invocations
  6218 | D:8      | Reached XP level 10. HP: 51/52 MP: 14/14
  6391 | D:8      | Reached skill level 9 in Stealth
  6460 | D:8      | Reached ***** piety under Cheibriados
  6636 | D:9      | Identified the ring of Fuanta {Fly MP+9 Str+5 Stlth-}
  6720 | D:9      | Reached skill level 5 in Dodging
  7416 | D:10     | Entered Level 10 of the Dungeon
  7540 | D:10     | Reached skill level 10 in Stealth
  7540 | D:10     | Reached XP level 11. HP: 44/58 MP: 11/16
  7555 | D:10     | Noticed bande's ghost (novice GrFi)
  7556 | D:10     | Found a runed translucent gate.
  7556 | D:10     | Found a runed translucent gate.
  7556 | D:10     | Found a runed translucent gate.
  7725 | D:10     | Found a staircase to the Orcish Mines.
  8417 | D:11     | Noticed a two-headed ogre
  8465 | D:11     | Noticed Sonja
  8488 | D:11     | Noticed Nergalle
  8545 | D:10     | Killed a two-headed ogre
  8752 | D:11     | Noticed a tengu warrior
  8764 | D:11     | Noticed a tengu warrior
  8843 | D:11     | Noticed Lodul
  8848 | D:11     | Reached ****** piety under Cheibriados
  8856 | D:11     | Noticed a boulder beetle
  8878 | D:11     | Killed a boulder beetle
  8899 | D:11     | Killed Lodul
  8939 | D:11     | Reached skill level 11 in Stealth
  9184 | D:10     | Killed Nergalle
  9185 | D:10     | Reached skill level 10 in Long Blades
  9354 | D:11     | Reached XP level 12. HP: 63/63 MP: 18/18
  9391 | D:11     | Found a staircase to the Lair.
  9461 | D:11     | Killed Sonja
  9770 | D:12     | Identified the +1 chain mail of Qazlal's Displeasure {Harm
                  | Will- Dex+3}
 10243 | D:12     | Found a shadowy altar of Dithmenos.
 10609 | Lair:1   | Entered Level 1 of the Lair of Beasts
 10622 | Lair:1   | Identified a scroll of acquirement
 10623 | Lair:1   | Acquired 836 gold pieces
 10994 | Lair:1   | Reached skill level 12 in Stealth
 11296 | Lair:1   | Learned a level 4 spell: Passage of Golubria
 11644 | Lair:2   | Reached skill level 1 in Translocations
 11879 | Lair:2   | Reached XP level 13. HP: 69/69 MP: 20/20
 11929 | Lair:2   | Found a staircase to the Shoals.
 12297 | Lair:2   | Acquired a +1 double sword of holy wrath
 12463 | Lair:3   | Found a staircase to the Snake Pit.
 12727 | Lair:3   | Slain by a skyshark

Illustrated notes

Levels and vault maps discovered:
D:1:      spicycebolla_arrival_ecumenical, layout_basic
D:2:      layout_basic, serial_shops, shop
D:3:      layout_loops_ring, guppyfry_early_lair_pool, uniq_robin
D:4:      cheibrodos_fertilizer, layout_basic, xom_butterflies,
          mainiacjoe_overflow_alcove_2, minmay_checkerbox, uniq_eustachio
D:5:      layout_cave_pods, minmay_temple_entry_water_ring, uniq_duvessa
D:6:      layout_basic, gammafunk_temple_overflow_claw, minmay_divided_ellipse,
          uniq_sigmund, uniq_blork_the_orc
D:7:      layout_rooms, nicolae_kikubaaqudgha_miasma_corner,
          supply_closet_lemuel
D:8:      layout_rooms, moated_statue
D:9:      layout_loops_ring
D:10:     layout_loops_ring, gammafunk_ghost_necromancy
D:11:     layout_basic, erik_lair_island, serial_bayou_lagoon_a,
          kennysheep_small_circle, uniq_sonja, uniq_lodul, uniq_nergalle
D:12:     layout_small_grid, grunt_dithmenos_smoke
Lair:1:   layout_chaotic_city, lemuel_fruit_fields, serial_bayou_shore_a
Lair:2:   layout_small_grid, nicolae_shoals_entry_roost, grunt_megastairs_4,
          serial_bayou_shore_b
Lair:3:   layout_gridlike, guppyfry_snake_entry_garden,
          infiniplex_staircase_pool_2

Skill      XL: |  1  2  3  4  5  6  7  8  9 10 11 12 13 |
---------------+----------------------------------------+-----
Dodging        | 1 2 3 4 5 6 7 |  7.7
Stealth        | 5 6 7 8 10 11 12 | 12.7
Fighting       | 2 3 4 5 6 7 8 |  8.6
Long Blades    | 1 2 3 4 5 7 8 10 11 | 11.9
Invocations    | 1 2 3 5 6 7 8 |  8.7
Translocations | 1 2 |  2.8
Short Blades   | |  1.7
Throwing       | |  1.7

Action                     |  1- 3 |  4- 6 |  7- 9 | 10-12 | 13-15 || total
---------------------------+-------+-------+-------+-------+-------++-------
  Melee: Dagger            |    78 |   136 |    81 |    18 |     5 ||   318
         Bite              |    11 |    44 |    82 |   193 |    17 ||   347
         Punch             |     2 |     1 |     3 |    10 |     1 ||    17
         Short sword       |       |       |   101 |    69 |       ||   170
         Long sword        |       |       |    61 |   357 |    16 ||   434
         Double sword      |       |       |       |       |    40 ||    40
   Fire: Sling             |    20 |     8 |    21 |       |       ||    49
         Shortbow          |       |       |    36 |   103 |    20 ||   159
  Throw: Dart              |     4 |       |     9 |    18 |       ||    31
         Stone             |       |       |     5 |       |       ||     5
 Invoke: Temporal Distorti |       |       |       |     1 |       ||     1
         Slouch            |       |       |       |     1 |     1 ||     2
  Evoke: Wand              |       |       |       |     1 |       ||     1
    Use: Scroll            |     1 |       |     8 |    18 |     2 ||    29
         Potion            |     1 |       |     1 |       |       ||     2
   Stab: Sleeping          |     4 |     7 |    10 |    15 |     4 ||    40
         Distracted        |       |     1 |     1 |     1 |     1 ||     4
 Armour: Robe              |    11 |    23 |    30 |    77 |    13 ||   154
         Leather armour    |       |     2 |    26 |       |       ||    28
  Dodge: Dodged            |    45 |    95 |   133 |   431 |   113 ||   817

Table legend: (Time is in decaauts)
 A = Elapsed time spent in this place.
 B = Non-inter-level travel time spent in this place.
 C = Inter-level travel time spent in this place.
 D = Time resting spent in this place.
 E = Time spent auto-exploring this place.
 F = Levels seen in this place.
 G = Mean time per level.
                   A        B        C        D        E       F      G
               +--------+--------+--------+--------+--------+-----+--------+
         Total |  19002 |  16573 |   2429 |    347 |   7734 |  15 | 1266.8 |
       Dungeon |  15343 |  13043 |   2300 |    285 |   5460 |  12 | 1278.6 |
          Lair |   3659 |   3530 |    129 |     62 |   2273 |   3 | 1219.7 |
               +--------+--------+--------+--------+--------+-----+--------+

Top non-repeatable levels by time:
    D:11: 2299 daAuts
    D:10: 1723 daAuts
     D:6: 1691 daAuts
  Lair:2: 1618 daAuts
     D:5: 1554 daAuts
  Lair:1: 1526 daAuts
     D:9: 1383 daAuts
    D:12: 1291 daAuts
     D:7: 1133 daAuts
     D:4: 1077 daAuts
     D:2: 968 daAuts
     D:8: 825 daAuts
     D:3: 802 daAuts
     D:1: 593 daAuts
  Lair:3: 514 daAuts
